 Dungeon Crawl Stone Soup version 0.17-a0-1979-g1c74939 (webtiles) character file.

81 tp1 the Skirmisher (level 4, -2/43 HPs)
             Began as a Gargoyle Berserker on Oct 5, 2015.
             Was a Believer of Trog.
             Slain by Sigmund
             ... wielding a +0 scythe
              (6 damage)
             ... on level 3 of the Dungeon.
             The game lasted 00:05:53 (1118 turns).

tp1 the Skirmisher (Gargoyle Berserker)             Turns: 1118, Time: 00:05:53

Health: -2/43      AC: 10    Str: 26    XL:     4   Next: 40%
Magic:  4/4        EV: 10    Int:  7    God:    Trog [**....]
Gold:   108        SH:  0    Dex: 10    Spells: 0 memorised, 3 levels left

rFire  . . .     SeeInvis .     m - +3 whip
rCold  . . .     Clarity  .     p - +0 scale mail
rNeg   + . .     SustAt   .     (no shield)
rPois  ∞         Gourm    .     (no helmet)
rElec  +         Spirit   .     (no cloak)
rCorr  .         Warding  .     (no gloves)
rMut   .         Stasis   .     (no boots)
MR     .....                    (no amulet)
Stlth  ..........               (no ring)
                                (no ring)

@: berserking (expiring), very quick, not resistant to hostile enchantments,
extremely unstealthy
A: negative energy resistance 1, electricity resistance, unbreathing,
petrification resistance, rot immunity, AC +3
a: Burn Spellbooks, Berserk, Trog's Hand, Renounce Religion


You were on level 3 of the Dungeon.
You worshipped Trog.
Trog was pleased with you.
You were not hungry.

You visited 1 branch of the dungeon, and saw 3 of its levels.

You collected 108 gold pieces.

Inventory:

Hand Weapons
 a - a +0 hand axe
 m - a +3 whip (weapon)
Armour
 b - a +0 animal skin
 p - a +0 scale mail (worn)
 q - a +0 ring mail
Scrolls
 e - 2 scrolls of amnesia {unknown}
 h - a scroll of identify {unknown}
 i - a scroll of blinking {unknown}
 j - a scroll of noise {unknown}
 l - a scroll of teleportation {unknown}
 n - 3 scrolls of remove curse {unknown}
Potions
 f - 2 potions of cancellation {unknown}
 k - a potion of degeneration {unknown}
 o - a potion of agility {unknown}
Books
 t - a book of Transfigurations

   Spells                             Type                      Level
   a - Stoneskin                      Transmutation/Earth          2
   b - Irradiate                      Conjuration/Transmutation    5
   c - Statue Form                    Transmutation/Earth          6
   d - Hydra Form                     Transmutation                6
   e - Dragon Form                    Transmutation                7
   Trog disapproves of the use of such an item.
Comestibles
 c - 3 bread rations
 d - 2 fruits
 g - 2 slices of pizza
 r - 2 chunks of flesh
 s - 2 meat rations


   Skills:
 + Level 4.2 Fighting
 + Level 3.3(3.5) Axes
 + Level 1.3(2.7) Maces & Flails
 + Level 2.2 Armour
 + Level 2.0 Dodging


You had 3 spell levels left.
You didn't know any spells.

Dungeon Overview and Level Annotations

Branches:
Dungeon (3/15)

Altars:

Annotations:
D:3 Sigmund


Innate Abilities, Weirdness & Mutations

You are resistant to torment.
Your stone body is resilient (AC +3).
You are immune to poison.
You resist negative energy.
You are resistant to electric shocks.
You can survive without breathing.
You are immune to petrification.
You are immune to rotting.


Message History

A red film seems to cover your vision as you go berserk!
You feel yourself moving faster!
You feel mighty!
You feel somewhat more hungry.
You hear some strange, mumbled words.
Something tries to affect you, but you resist.
Your scale mail prevents you from hitting something.
Something hits you but does no damage.
You closely miss something. You closely miss something.
You barely miss something. Something hits you.
* * * LOW HITPOINT WARNING * * *
You miss something. You miss something. Something hits you.
* * * LOW HITPOINT WARNING * * *
You miss something. You closely miss something. Something hits you.
* * * LOW HITPOINT WARNING * * *
You miss something. You closely miss something. Something hits you.
You die...

...$##. .........
##..>.##..
#######......<..
.... ..$...... #..#
#.....#
#..###.....##.!
###..#...!.......
#.......@{.......
#.#.#..#.#.#.#####.
#...<........#
#...#..#.#......
#.###...#......###
#. ##..######.#
#... .# #.... .#
.#####


There were no monsters in sight!

Vanquished Creatures
  5 adders (D:2)
  An ooze (D:1)
  2 giant geckos (D:2)
  A ball python (D:1)
  2 hobgoblins
  A quokka (D:2)
  3 bats
  A giant cockroach (D:1)
  2 giant newts (D:1)
  7 goblins
  4 kobolds
  5 rats
34 creatures vanquished.

Vanquished Creatures (others)
  A worm (D:2)
1 creature vanquished.

Grand Total: 35 creatures vanquished

Notes
Turn   | Place    | Note
--------------------------------------------------------------
     0 | D:1      | tp1 the Gargoyle Berserker began the quest for the Orb.
     0 | D:1      | Reached XP level 1. HP: 14/14 MP: 1/1
   180 | D:1      | Reached XP level 2. HP: 14/19 MP: 2/2
   817 | D:2      | Reached skill level 4 in Fighting
   817 | D:2      | Reached XP level 3. HP: 22/24 MP: 3/3
   886 | D:2      | Acquired Trog's second power
   934 | D:2      | Reached XP level 4. HP: 18/29 MP: 4/4
   960 | D:2      | Reached skill level 1 in Maces & Flails
  1085 | D:3      | Noticed Sigmund
  1118 | D:3      | Slain by Sigmund

Vault maps used:
D:1:      dpeg_arrival_orchard, hangedman_decor_clover_reticule
D:2:      fiery_altar_vehumet, minmay_misc_feat_x, minmay_cupped
D:3:      lemuel_crystal_altar, lemuel_round_altar, kennysheep_pointless_box,
          minmay_misc_feat_five, serial_park_tiny_2, uniq_terence, uniq_sigmund,
          uniq_iyjb

Action                   |  1- 3 |  4- 6 || total
-------------------------+-------+-------++-------
Melee: Hand axe          |    11 |       ||    11
       Whip              |    87 |    41 ||   128
Invok: Berserk           |       |     1 ||     1
  Eat: Chunk             |       |     1 ||     1
